 Dungeon Crawl Stone Soup version 0.31-a0-265-gcf7e37af1d (webtiles) character file.

Game seed: 513544714663809453

46 qw the Shooter (level 3, -1/21 HPs)
             Began as a Gargoyle Hexslinger on July 13, 2023.
             Slain by an orc wizard
             ... wielding a +0 dagger
              (3 damage)
             ... on level 3 of the Dungeon.
             The game lasted 00:00:32 (1094 turns).

qw the Shooter (Gargoyle Hexslinger)                Turns: 1094, Time: 00:00:33

Health: -1/21      AC:  9    Str: 11    XL:     3   Next: 66%
Magic:  4/4        EV: 10    Int: 13    God:
Gold:   52         SH:  0    Dex: 14    Spells: 3/4 levels left

rFire   . . .        Y - +1 sling
rCold   . . .        (no shield)
rNeg    + . .        h - +0 ring mail
rPois   inf          (no helmet)
rElec   +            (no cloak)
rCorr   .            (no gloves)
SInv    .            e - +0 pair of boots
Will    .....        (no amulet)
Stlth   +            (no ring)
HPRegen 0.23/turn    (no ring)
MPRegen 0.09/turn

%: no passive effects
@: no status effects
A: sickness immunity, AC +3, negative energy resistance 1, electricity
resistance, torment resistance 1, petrification resistance
a: no special abilities


You were on level 3 of the Dungeon.
You visited 1 branch of the dungeon, and saw 3 of its levels.

You collected 69 gold pieces.
You spent 17 gold pieces at shops.


Innate Abilities, Weirdness & Mutations

You are immune to sickness and miasma.
Your stone body is resilient. (AC +3)
You are immune to poison.
You resist negative energy. (rN+)
You are resistant to electric shocks. (rElec)
You are resistant to unholy torment.
You are immune to petrification.


   Skills:
 - Level 2.0 Fighting
 + Level 3.3 Ranged Weapons
 - Level 1.0 Armour
 - Level 1.5 Dodging
 - Level 1.0 Spellcasting
 - Level 2.6 Hexes


You had 3 spell levels left.
You knew the following spells:

 Your Spells              Type           Power      Damage    Failure   Level
a - Slow                  Hex            28%        N/A       22%         1

Your spell library contained the following spells:

 Spells                   Type           Power      Damage    Failure   Level
 Inner Flame              Hex/Fire       4%         N/A       75%         3
 Portal Projectile        Hex/Tloc       8%         N/A       75%         3
 Cause Fear               Hex            3%         N/A       91%         4

Inventory:

Hand Weapons
 Y - a +1 sling (weapon)
Armour
 e - a +0 pair of boots (worn)
 h - a +0 ring mail (worn)
Scrolls
 i - a scroll of identify
Potions
 j - a potion of enlightenment

Dungeon Overview and Level Annotations

Branches:
Dungeon (3/15)

Altars:
Kikubaaqudgha
Uskayaw
Xom

Shops:
D:2 *


Message History

The orc hits you with a +0 whip.
You shoot a sling bullet. The sling bullet hits the orc!
You kill the orc!
The orc closely misses you. Something hits you but does no damage.
You shoot a sling bullet.
The sling bullet closely misses the orc.
The orc hits you with a +0 whip. Something hits you.
1086 ||| DRINKING potion of heal wounds.
You feel much better. Something hits you but does no damage.
The orc hits you with a +0 whip.
You shoot a sling bullet. The sling bullet barely misses the orc.
The orc closely misses you. Something hits you but does no damage.
The orc hits you but does no damage.
You hear some strange, mumbled words.
A magic dart appears from out of thin air!
The magic dart hits you!
You shoot a sling bullet. The sling bullet hits the orc.
The orc is severely wounded.
Something hits you but does no damage. The orc hits you but does no damage.
You shoot a sling bullet. The sling bullet barely misses the orc.
The orc hits you but does no damage. Something hits you but does no damage.
The orc hits you but does no damage. Something hits you but does no damage.
You shoot a sling bullet. The sling bullet hits the orc!
You kill the orc!
You hear some strange, mumbled words.
You are confused.
You shoot a sling bullet. Something hits you but does no damage.
You shoot a sling bullet. Something hits you.
You hear some strange, mumbled words.
A puff of flame appears from out of thin air!
The puff of flame hits you.
You shoot a sling bullet.
You hear some strange, mumbled words.
Something tries to affect you, but you resist.
You shoot a sling bullet.
You feel less confused. Something hits you. x2
You die...

#.#...P8........#
#.##...8#######.##
...#.PP.# #...###
...(.8..##.....#...#
...####.##.###...#.#
#.## #.# ##.##.# #.#
#.# ###.##.###
#.#####.##.##........#
#...........$..)@.##.#
...####.###._..){)# .#
#.## ........... #
#... .....}.._...#
##### #.........#.#
##._......#..#
.........$# ##
.###...#>..


There were no monsters in sight!

Vanquished Creatures
  A worm (D:2)
  A dart slug (D:1)
  3 orcs (D:3)
  2 ball pythons
  5 bats
  4 endoplasms
  A hobgoblin (D:2)
  4 jackals (D:2)
  2 quokkas (D:1)
  A frilled lizard (D:2)
  4 goblins
  4 kobolds
32 creatures vanquished.

Notes
Turn   | Place    | Note
-------+----------+-------------------------------------------
     0 | D:1      | qw the Gargoyle Hexslinger began the quest for the Orb.
     0 | D:1      | Reached XP level 1. HP: 12/12 MP: 2/2
     0 | D:1      | 0 ||| qw: Version: 0.3-a-52-g30416fa
     0 | D:1      | 0 ||| qw: Game counter: 7640
     0 | D:1      | 0 ||| qw: Melee chars always use a shield: true
     0 | D:1      | 0 ||| qw: God list: Okawaru
     0 | D:1      | 0 ||| qw: Allow faded altars: false
     0 | D:1      | 0 ||| qw: Do Orc after clearing Dungeon:15 true
     0 | D:1      | 0 ||| qw: Do second Lair branch before Depths: true
     0 | D:1      | 0 ||| qw: Lair rune preference: random
     0 | D:1      | 0 ||| qw: Goals: Normal
     0 | D:1      | 0 ||| PLANNING D:1-11
   139 | D:1      | Reached XP level 2. HP: 16/16 MP: 3/3
   248 | D:1      | Reached skill level 3 in Ranged Weapons
   412 | D:1      | 412 ||| UPGRADING to +0 pair of boots.
   417 | D:1      | 417 ||| UPGRADING to +0 leather armour.
   427 | D:1      | 427 ||| DROPPING +0 robe.
   428 | D:1      | 428 ||| UPGRADING to +0 ring mail.
   438 | D:1      | 438 ||| DROPPING +0 leather armour.
   439 | D:1      | 439 ||| READING scroll labelled YMAAW VIURIOFO.
   440 | D:1      | 440 ||| READING scroll labelled ONGILIN MECVO.
   441 | D:1      | 441 ||| READING 4 scrolls labelled INTEMEFREO.
   442 | D:1      | 442 ||| READING scroll labelled DID ACOX COLE.
   443 | D:1      | 443 ||| READING 3 scrolls of identify.
   443 | D:1      | 443 ||| IDENTIFYING fuming dark potion
   444 | D:1      | 444 ||| READING 2 scrolls of identify.
   444 | D:1      | 444 ||| IDENTIFYING black potion
   445 | D:1      | 445 ||| DROPPING scroll of poison.
   446 | D:1      | 446 ||| DROPPING potion of lignification.
   573 | D:2      | Found Tefegute's Assorted Antiques.
   628 | D:2      | 628 ||| BUYING fizzy emerald potion (17 gold).
   628 | D:2      | Bought a fizzy emerald potion for 17 gold pieces
   628 | D:2      | 628 ||| SHOPLISTING jewelled lead wand (76 gold, have 28).
   628 | D:2      | 628 ||| SHOPLISTING scroll of identify (38 gold, have 28).
   685 | D:2      | Reached XP level 3. HP: 21/21 MP: 4/4
   844 | D:2      | Reached skill level 1 in Armour
  1020 | D:2      | 1020 ||| READING scroll labelled QEOMAK NILL.
  1021 | D:2      | 1021 ||| READING 3 scrolls of identify.
  1021 | D:2      | 1021 ||| IDENTIFYING fizzy emerald potion
  1022 | D:2      | 1022 ||| READING 2 scrolls of identify.
  1022 | D:2      | 1022 ||| IDENTIFYING cyan potion
  1023 | D:2      | 1023 ||| DROPPING potion of brilliance.
  1034 | D:3      | 1034 ||| PLANNING SEWER
  1065 | D:3      | Found an ancient bone altar of Kikubaaqudgha.
  1066 | D:3      | Found a hide-covered altar of Uskayaw.
  1068 | D:3      | Found a shimmering altar of Xom.
  1085 | D:3      | HP: 4/21 [something (3)]
  1086 | D:3      | 1086 ||| DRINKING potion of heal wounds.
  1092 | D:3      | HP: 4/21 [something/puff of flame (5)]
  1094 | D:3      | Slain by an orc wizard

Levels and vault maps discovered:
D:1:      mrwooster_arrival_statue, layout_rooms
D:2:      layout_basic, serial_shops, nicolae_shop_statue_plus
D:3:      layout_loops_ring, grunt_temple_overflow_open, portal_sewer_entry_d,
          serial_shops, shop, serial_undead, serial_undead_a, serial_undead_e,
          serial_undead_f, serial_undead_a, st_stairs_9, uniq_jessica,
          uniq_grinder, uniq_terence

Skill      XL: |  1  2  3 |
---------------+----------+-----
Ranged Weapons | 3 |  3.3
Fighting       | 2 |  2.0
Armour         | 1 |  1.0
Dodging        | |  1.5
Spellcasting   | |  1.0
Hexes          | |  2.6

Action                     || total
---------------------------++-------
   Fire: Sling             ||   120
    Use: Scroll            ||     9
         Potion            ||     1
 Armour: Robe              ||     4
         Ring mail         ||    61
  Dodge: Dodged            ||    50

Table legend:
 A = Non-vault XP
 B = Vault XP
 C = Vault XP percentage of total XP
 D = Non-vault monster count
 E = Vault monster count
 F = Vault count percentage of total count
                 A         B        C        D         E       F
            +---------+---------+-------+---------+---------+-------
      Total |      66 |       0 |   0.0 |      32 |       0 |   0.0
            +---------+---------+-------+---------+---------+-------
        D:1 |      24 |       0 |   0.0 |      13 |       0 |   0.0
        D:2 |      31 |       0 |   0.0 |      15 |       0 |   0.0
        D:3 |      11 |       0 |   0.0 |       4 |       0 |   0.0
            +---------+---------+-------+---------+---------+-------
